 Dungeon Crawl Stone Soup version 0.23-a0-767-gdc19b93 (webtiles) character file.

1270 Hydrazoo the Insei (level 8, -2/81 HPs)
             Began as an Octopode Transmuter on Jan 19, 2019.
             Slain by a big kobold zombie (4 damage)
             ... in an ossuary.
             The game lasted 00:09:55 (5183 turns).

Hydrazoo the Insei (Octopode Transmuter)            Turns: 5183, Time: 00:09:55

Health: -2/81      AC:  3    Str: 15    XL:     8   Next: 53%
Magic:  11/11      EV: 16    Int: 15    God:
Gold:   300        SH:  4    Dex: 14    Spells: 7/11 levels left

rFire    . . .     SeeInvis .     - Unarmed
rCold    . . .     Gourm    .   (no shield)
rNeg     + . .     Faith    .   k - +2 hat
rPois    .         Spirit   .   q - +4 amulet of reflection
rElec    .         Reflect  +   d - ring of positive energy
rCorr    .         Harm     .   t - ring of stealth
MR       .....                  (no ring)
Stlth    ..........             (no ring)
HPRegen  0.23/turn              (no ring)
MPRegen  0.12/turn              (no ring)
                                (no ring)
                                (no ring)

@: berserking (expiring), very quick
A: almost no armour, stealthy swim, amphibious, 8 rings, constrict 8, camouflage
1, gelatinous body 1
a: no special abilities


You were in an ossuary.
You were very hungry.

You visited 1 branch of the dungeon, and saw 5 of its levels.
You also visited: Ossuary.

You collected 300 gold pieces.

Inventory:

Missiles
 a - 27 arrows
Armour
 k - a +2 hat (worn)
Jewellery
 d - a ring of positive energy (left tentacle)
 p - an uncursed amulet of the acrobat
 q - a +4 amulet of reflection (around mantle)
 t - a ring of stealth (right tentacle)
 u - an uncursed amulet of harm {unknown}
Wands
 s - a wand of random effects (12)
Scrolls
 b - 2 scrolls of remove curse
 h - a scroll of teleportation {unknown}
 l - a scroll of immolation {unknown}
 m - 2 scrolls of amnesia
 n - a scroll of random uselessness {unknown}
 w - a scroll of noise {unknown}
 x - a scroll of blinking {unknown}
Potions
 f - a potion of haste {unknown}
 g - a potion of flight {unknown}
 i - 4 potions of lignification {unknown}
 j - 4 potions of curing {unknown}
 o - a potion of degeneration {unknown}
 r - a potion of heal wounds {unknown}
Comestibles
 c - 8 rations


   Skills:
 + Level 4.3 Fighting
 + Level 4.9 Dodging
 * Level 7.0 Unarmed Combat
 - Level 2.0 Spellcasting
 + Level 4.8 Transmutations


You had 7 spell levels left.
You knew the following spells:

 Your Spells              Type           Power        Failure   Level  Hunger
a - Beastly Appendage     Tmut           ###...       3%          1    #......
b - Spider Form           Tmut/Pois      #.........   26%         3    ###....

Your spell library contained the following spells:

 Spells                   Type           Power        Failure   Level  Hunger
 Sticks to Snakes         Tmut           ###.....     4%          2    ###....
 Ice Form                 Ice/Tmut       #.......     63%         4    #####..
 Blade Hands              Tmut           ###.......   65%         5    ######.


Dungeon Overview and Level Annotations

Branches:
Dungeon (5/15)
 Temple: D:4-7

Altars:
Yredelemnul


Innate Abilities, Weirdness & Mutations

You cannot wear most types of armour.
You are very stealthy in the water. (Stealth+)
You are amphibious.
You can wear up to eight rings at the same time.
You can use your tentacles to constrict eight enemies at once.
Your skin changes colour to match your surroundings (Stealth+).
Your rubbery body absorbs attacks. (AC +1, EV +1)


Message History

You bludgeon the elf zombie!
You destroy the elf zombie!
Your Unarmed Combat skill increases to level 7!
The adder zombie completely misses you. The jackal zombie closely misses you.
The elf zombie hits you.
* * * LOW HITPOINT WARNING * * *
You block the hobgoblin zombie's attack.
The hound zombie closely misses you.
You tentacle-slap the big kobold zombie.
You grab the big kobold zombie.
The big kobold zombie is lightly damaged.
You constrict the big kobold zombie. The human zombie hits you!
* * * LOW HITPOINT WARNING * * *
You block the jackal zombie's attack. The adder zombie closely misses you.
You are too injured to fight recklessly!
You tentacle-slap the big kobold zombie but do no damage.
The big kobold zombie is lightly damaged.
You constrict the big kobold zombie. The hound zombie barely misses you.
The big kobold zombie hits you.
You die...

................
#...............
##...............
.................
.................
.......Z.........
......ZZZ........
.......@ZZ.......
......ZZZ........
.......Z.........
.................
##...............
#...............
.................
.................
......#####....


You could see an adder zombie, 2 jackal zombies, a hound zombie, a hobgoblin
zombie, a kobold zombie, 2 big kobold zombies, an elf zombie and a human zombie.

Vanquished Creatures
  Grinder (D:5)
  Sigmund (D:2)
  2 phantoms (D:4)
  3 ogres
  2 elf zombies (Ossuary)
  A crimson imp (D:5)
  A hound (D:4)
  An orc wizard (D:5)
  An iguana (D:4)
  A worker ant (D:4)
  Terence (D:2)
  7 adders
  A river rat (D:3)
  A shadow imp (D:3)
  An ooze (D:1)
  An adder skeleton (D:5)
  4 worms
  A dart slug (D:1)
  5 leopard geckos
  10 orcs
  4 bats
  5 giant cockroaches
  5 goblins
  11 hobgoblins
  5 jackals
  5 kobolds
  3 quokkas
  A ball python (D:3)
  A ball python skeleton (D:4)
  3 frilled lizards (D:2)
  10 rats
  A spectral orc (D:2)
100 creatures vanquished.

Notes
Turn   | Place    | Note
-------+----------+-------------------------------------------
     0 | D:1      | Hydrazoo the Octopode Transmuter began the quest for the
                  | Orb.
     0 | D:1      | Reached XP level 1. HP: 13/13 MP: 3/3
   210 | D:1      | Reached XP level 2. HP: 18/18 MP: 3/5
   569 | D:1      | Reached XP level 3. HP: 13/23 MP: 6/6
   837 | D:1      | Learned a level 3 spell: Spider Form
  1564 | D:2      | Reached XP level 4. HP: 28/29 MP: 7/7
  1587 | D:2      | Found a basalt altar of Yredelemnul.
  1657 | D:2      | Found a basalt altar of Yredelemnul.
  1874 | D:2      | Noticed Sigmund
  1912 | D:2      | Killed Sigmund
  1912 | D:2      | Reached skill level 4 in Unarmed Combat
  1912 | D:2      | Reached XP level 5. HP: 4/35 MP: 2/8
  2362 | D:2      | Noticed Terence
  2371 | D:2      | Killed Terence
  2371 | D:2      | Reached XP level 6. HP: 31/41 MP: 2/9
  3198 | D:3      | Reached skill level 5 in Unarmed Combat
  3826 | D:4      | Reached XP level 7. HP: 46/46 MP: 8/10
  4567 | D:4      | Reached skill level 6 in Unarmed Combat
  4981 | D:5      | Entered Level 5 of the Dungeon
  4987 | D:5      | Noticed Grinder
  4997 | D:5      | Reached XP level 8. HP: 36/54 MP: 7/11
  5011 | D:5      | Killed Grinder
  5144 | D:5      | Found a sand-covered staircase.
  5151 | Ossuary  | Entered an ossuary
  5181 | Ossuary  | Reached skill level 7 in Unarmed Combat
  5182 | Ossuary  | HP: 2/81 [human zombie (7)]
  5183 | Ossuary  | Slain by a big kobold zombie

Vault maps used:
D:1:      wheals_arrival_linesprint
D:2:      yredelemnul_forgotten_temple_becter, yredelemnul_altar_generic,
          uniq_terence, uniq_sigmund
D:3:      portal_sewer_entry_e, minmay_mini_jars
D:4:      first_ration
D:5:      nicolae_ossuary_entry_plus, uniq_menkaure, uniq_grinder
Ossuary:  ossuary_minmay_tomb_2a

Skill      XL: |  1  2  3  4  5  6  7  8 |
---------------+-------------------------+-----
Fighting       | 2 3 4 |  4.3
Dodging        | 3 4 |  4.9
Unarmed Combat | 4 5 6 7 |  7.0
Transmutations | 3 4 |  4.8
Spellcasting   | |  2.0

Action                   |  1- 3 |  4- 6 |  7- 9 || total
-------------------------+-------+-------+-------++-------
Melee: Unarmed           |    75 |   134 |   150 ||   359
       Constrict         |    18 |    19 |     9 ||    46
       Tentacles         |    11 |    14 |    18 ||    43
       Punch             |     1 |     2 |     2 ||     5
       Kick              |     4 |       |     2 ||     6
 Cast: Beastly Appendage |     3 |       |     1 ||     4
       Spider Form       |     2 |     8 |     9 ||    19
  Use: Scroll            |       |     4 |     2 ||     6
       Potion            |       |       |     1 ||     1
 Stab: Sleeping          |     2 |     9 |     2 ||    13
  Eat: Chunk             |     2 |     9 |     1 ||    12
       Ration            |       |       |     1 ||     1
Armor: Skin              |     2 |    11 |    12 ||    25
Dodge: Dodged            |    58 |   102 |   149 ||   309
Block: Other             |       |     1 |    32 ||    33
       Reflection        |       |       |     1 ||     1

Table legend:
 A = Non-vault XP
 B = Vault XP
 C = Vault XP percentage of total XP
 D = Non-vault monster count
 E = Vault monster count
 F = Vault count percentage of total count
                 A         B        C        D         E       F
            +---------+---------+-------+---------+---------+-------
      Total |    1036 |     779 |  42.9 |      76 |      24 |  24.0
            +---------+---------+-------+---------+---------+-------
        D:1 |      47 |       0 |   0.0 |      20 |       0 |   0.0
        D:2 |      62 |     241 |  79.5 |      17 |       3 |  15.0
        D:3 |      76 |      65 |  46.1 |      17 |      18 |  51.4
        D:4 |     631 |       0 |   0.0 |      15 |       0 |   0.0
        D:5 |     220 |     281 |  56.1 |       7 |       1 |  12.5
    Ossuary |       0 |     192 | 100.0 |       0 |       2 | 100.0
            +---------+---------+-------+---------+---------+-------
